 Dungeon Crawl Stone Soup version 0.30-b1-6-gad0e9d6a2d (webtiles) character file.

Game seed: 11918805722757967031

1559 H0rd4k the Ducker (level 9, -7/66 HPs)
             Began as a Human Artificer on May 5, 2023.
             Was an Initiate of Gozag.
             Mangled by an orc warrior
             ... wielding a +0 halberd
              (14 damage)
             ... on level 7 of the Dungeon.
             The game lasted 00:08:18 (7840 turns).

H0rd4k the Ducker (Human Artificer)                 Turns: 7840, Time: 00:08:19

Health: -7/66      AC:  4    Str: 12    XL:     9   Next: 12%
Magic:  18/18      EV: 13    Int: 16    God:    Gozag
Gold:   559        SH:  0    Dex: 14    Spells: 8/8 levels left

rFire   . . .        t - +5 dagger "Copt" {vamp, MP+9}
rCold   . . .        (no shield)
rNeg    . . .        b - +1 leather armour
rPois   +            (no helmet)
rElec   .            (no cloak)
rCorr   .            (no gloves)
SInv    .            (no boots)
Will    +....        (no amulet)
Stlth   +++          p - ring of poison resistance
HPRegen 0.31/turn    G - ring of willpower
MPRegen 0.16/turn

%: no passive effects
@: no status effects
A: no striking features
a: Renounce Religion, Potion Petition, Call Merchant, Bribe Branch


You were on level 7 of the Dungeon.
You worshipped Gozag.
Gozag was pleased with you.
You visited 2 branches of the dungeon, and saw 8 of its levels.

You collected 657 gold pieces.
You paid 98 gold pieces to Gozag.

Inventory:

Hand Weapons
 t - the +5 dagger "Copt" (weapon) {vamp, MP+9}
   (You found it on level 3 of the Dungeon)

   MP:        It affects your magic capacity (+9).
Missiles
 y - 5 poisoned darts
 F - 4 atropa-tipped darts
Armour
 b - a +1 leather armour (worn)
Jewellery
 p - a ring of poison resistance (left hand)
 w - a ring of ice
 G - a ring of willpower (right hand)
 H - a ring of protection from fire
Wands
 d - a wand of charming (5)
 C - a wand of mindburst (10)
Scrolls
 a - a scroll of fog {unknown}
 c - a scroll of acquirement {unknown}
 f - a scroll of noise {unknown}
 g - a scroll of enchant armour
 h - a scroll of butterflies
 j - 2 scrolls of enchant weapon {unknown}
 n - 5 scrolls of teleportation
 o - a scroll of identify
 z - 3 scrolls of amnesia
 A - a scroll of fear {unknown}
 B - a scroll of poison {unknown}
 D - 2 scrolls of vulnerability
Potions
 e - a potion of lignification {unknown}
 i - 5 potions of curing
 k - a potion of flight {unknown}
 l - 3 potions of haste {unknown}
 m - 3 potions of heal wounds {unknown}
 q - a potion of degeneration {unknown}
 r - 2 potions of mutation {unknown}
 s - a potion of cancellation {unknown}
 u - a potion of attraction {unknown}
 v - 2 potions of magic {unknown}
 x - 2 potions of berserk rage {unknown}
 E - a potion of ambrosia {unknown}


   Skills:
 + Level 4.7 Fighting
 + Level 5.1 Short Blades
 - Level 2.2 Maces & Flails
 - Level 2.0 Armour
 + Level 5.2 Dodging
 + Level 4.7 Stealth
 + Level 4.4 Evocations


You had 8 spell levels left.
You didn't know any spells.
Your spell library contained the following spells:

 Spells                   Type           Power      Damage    Failure   Level
 Inner Flame              Hex/Fire       0%         N/A       67%         3
 Flame Wave               Conj/Fire      0%         2d4       97%         4
 Leda's Liquefaction      Hex/Erth       0%         N/A       97%         4
 Sticky Flame             Conj/Fire      0%         2d3       97%         4
 Lee's Rapid Deconstruct  Erth           0%         3d4*      100%        5
 Statue Form              Tmut/Erth      0%         N/A       100%        6


Dungeon Overview and Level Annotations

Branches:
Dungeon (7/15)             Temple (1/1) D:5

Altars:
Ashenzari
Dithmenos
Elyvilon
Fedhas
Gozag
Kikubaaqudgha
Makhleb
Okawaru
Qazlal
Ru
Sif Muna
Trog
Uskayaw
Wu Jian
Xom
Yredelemnul
The Shining One

Annotations:
D:5 2 runed translucent doors, exclusions: 2 doors and downstairs, hawkguy's ghost, novice GnTm


Message History

The orc warrior hits you with a +0 halberd!
You hit the orc warrior but do no damage.
The orc warrior is lightly wounded.
You hit the orc warrior.
The orc warrior is lightly wounded.
The orc warrior misses you.
You hit the orc warrior.
You feel better.
The orc warrior is moderately wounded.
The orc warrior completely misses you.
You hit the orc warrior but do no damage.
The orc warrior is moderately wounded.
You hit the orc warrior.
The orc warrior is moderately wounded.
The orc warrior hits you with a +0 halberd!
You barely miss the orc warrior.
The orc warrior is moderately wounded.
The orc warrior hits you with a +0 halberd!
* * * LOW HITPOINT WARNING * * *
You hit the orc warrior.
You feel better.
The orc warrior is moderately wounded.
The orc warrior closely misses you.
You closely miss the orc warrior.
The orc warrior is moderately wounded.
Aiming: Mindburst
Press: ? - help, Shift-Dir - straight line, f - orc warrior
Aim: an orc warrior, wielding a +0 halberd and wearing a +0 plate armour (moderately wounded, chance to affect: 80%)
The orc warrior barely resists.
The orc warrior hits you with a +0 halberd!
* * * LOW HITPOINT WARNING * * *
Aiming: Mindburst
Press: ? - help, Shift-Dir - straight line, f/p - orc warrior
Aim: an orc warrior, wielding a +0 halberd and wearing a +0 plate armour (moderately wounded, chance to affect: 80%)
The orc warrior barely resists.
The orc warrior closely misses you.
Aiming: Charm
Press: ? - help, Shift-Dir - straight line, f/p - orc warrior
Aim: an orc warrior, wielding a +0 halberd and wearing a +0 plate armour (moderately wounded, chance to affect: 60%)
The orc warrior resists with significant effort.
The orc warrior hits you with a +0 halberd!
You die...
Your body crumbles into a pile of gold.

#### ###############
#..### #.............#
###..## #.............#
##..###.............######
###.##....#####....#.....
#..#......#......#.....
##.#......#......#.....
#.'..#########....####
###..@o..#......###
#......#......#
#....#####....# #......
......# #.............#
#.............#
###############


You could see an orc warrior.

Vanquished Creatures
  An ice beast (D:3)
  A sky beast (D:7)
  3 ogres
  2 bullfrogs
  A scorpion (D:7)
  A gnoll sergeant (D:5)
  3 wights (D:7)
  A howler monkey (D:6)
  A jelly (D:7)
  2 orc priests
  3 hounds (D:5)
  3 iguanas
  Natasha (thrice) (D:3)
  5 gnolls (D:5)
  7 adders
  3 ufetubi
  4 worms
  2 dart slugs
  14 orcs
  5 bats
  8 endoplasms
  4 giant cockroaches
  9 goblins
  4 hobgoblins
  6 jackals (D:4)
  8 kobolds
  7 quokkas
  7 ball pythons
  5 frilled lizards
  3 rats
126 creatures vanquished.

Vanquished Creatures (collateral kills)
  A wight (D:7)
  A hobgoblin (D:4)
2 creatures vanquished.

Vanquished Creatures (others)
  2 ogres (D:4)
  3 orcs
  An endoplasm (D:4)
6 creatures vanquished.

Grand Total: 134 creatures vanquished

Notes
Turn   | Place    | Note
-------+----------+-------------------------------------------
     0 | D:1      | H0rd4k the Human Artificer began the quest for the Orb.
     0 | D:1      | Reached XP level 1. HP: 15/15 MP: 1/1
   328 | D:1      | Reached XP level 2. HP: 5/21 MP: 2/2
   866 | D:1      | Reached XP level 3. HP: 15/26 MP: 3/3
  1546 | D:2      | Reached skill level 1 in Maces & Flails
  1908 | D:2      | Reached XP level 4. HP: 28/32 MP: 4/4
  2493 | D:3      | Noticed Natasha
  2498 | D:3      | Killed Natasha
  2574 | D:3      | Noticed an ice beast
  2580 | D:3      | Killed an ice beast
  2581 | D:3      | Reached XP level 5. HP: 38/38 MP: 5/5
  2849 | D:3      | Identified the +5 dagger "Copt" {vamp, MP+9}
  2918 | D:3      | Noticed Natasha
  2928 | D:3      | Killed Natasha
  2929 | D:3      | Reached XP level 6. HP: 36/46 MP: 6/6
  3243 | D:3      | Noticed Natasha
  3252 | D:3      | Killed Natasha
  3657 | D:4      | Reached skill level 1 in Short Blades
  4180 | D:4      | Reached XP level 7. HP: 50/51 MP: 7/7
  4324 | D:4      | Found the +6 shillelagh "Devastator" {shatter}
  4648 | D:5      | Entered Level 5 of the Dungeon
  4657 | D:5      | Found a hide-covered altar of Uskayaw.
  4728 | D:5      | Found a staircase to the Ecumenical Temple.
  4728 | D:5      | Found a large runed translucent door.
  4741 | Temple   | Entered the Ecumenical Temple
  4753 | Temple   | Became a worshipper of Gozag Ym Sagoz the Greedy
  4877 | D:5      | Found a broken altar of Ashenzari.
  5027 | D:5      | Found a bloodstained altar of Trog.
  5124 | D:5      | Reached XP level 8. HP: 34/59 MP: 8/8
  5242 | D:5      | Found a large runed translucent door.
  5243 | D:5      | Noticed hawkguy's ghost (novice GnTm)
  5572 | D:5      | Found a shimmering altar of Xom.
  6344 | D:6      | Found an ornate altar of the Wu Jian Council.
  7035 | D:7      | Found a stormy altar of Qazlal.
  7217 | D:7      | Reached skill level 5 in Dodging
  7217 | D:7      | Reached XP level 9. HP: 30/66 MP: 9/9
  7555 | D:7      | Reached skill level 5 in Short Blades
  7678 | D:7      | Noticed a hornet
  7840 | D:7      | Mangled by an orc warrior

Illustrated notes

Levels and vault maps discovered:
D:1:      shiori_arrival_elements, layout_loops_corners, palyth_stone_intersect,
          minmay_tall_x
D:2:      layout_loops_corners
D:3:      layout_basic, moated_statue, uniq_natasha
D:4:      layout_loops_ring, chequers_jeans, dilly_guarded_unrand_devastator
D:5:      layout_rooms, mainiacjoe_overflow_24_doors,
          eat_drink_and_be_merry_uskayaw, minitemple,
          minmay_temple_entry_statues_pillars, ebering_ghost_disaster_area
D:6:      layout_basic, mainiacjoe_overflow_concentric_impassable
D:7:      layout_layer_cave, nicolae_qazlal_beasts_of_the_sky,
          mainiacjoe_overflow_alcove_2, hangedman_decor_growths,
          kennysheep_generic_room_16
Temple:   nicolae_temple_ecumenical_triangle

Skill      XL: |  1  2  3  4  5  6  7  8  9 |
---------------+----------------------------+-----
Dodging        | 2 3 5 |  5.2
Maces & Flails | 1 2 |  2.2
Fighting       | 2 3 4 |  4.7
Stealth        | 2 3 4 |  4.7
Evocations     | 4 |  4.4
Short Blades   | 1 3 4 5 |  5.1
Armour         | |  2.0

Action                     |  1- 3 |  4- 6 |  7- 9 || total
---------------------------+-------+-------+-------++-------
  Melee: Club              |   193 |    69 |       ||   262
         Punch             |     2 |       |     4 ||     6
         Dagger            |       |   104 |   260 ||   364
  Evoke: Wand              |     3 |    14 |    21 ||    38
    Use: Scroll            |       |       |     6 ||     6
   Stab: Sleeping          |     6 |    11 |     4 ||    21
         Distracted        |       |     1 |     1 ||     2
 Armour: Leather armour    |    69 |    23 |    37 ||   129
  Dodge: Dodged            |   141 |    89 |   140 ||   370
